 Dungeon Crawl Stone Soup version 0.30.0-29-ga12c61a403 (webtiles) character file.

Game seed: 9793495206210426788

1824 monsoonserge the Conjurer (level 8, -7/63 HPs)
             Began as a Red Draconian Conjurer on June 7, 2023.
             Mangled by a two-headed ogre
             ... wielding a +0 giant club
              (27 damage)
             ... on level 6 of the Dungeon on June 8, 2023.
             The game lasted 00:21:05 (5254 turns).

monsoonserge the Conjurer (Red Draconian Conjurer)  Turns: 5254, Time: 00:21:06

Health: -7/63      AC: 10    Str:  9    XL:     8   Next: 86%
Magic:  0/13       EV: 12    Int: 20    God:
Gold:   245        SH:  0    Dex: 11    Spells: 3/14 levels left

rFire   + . .        n - +2 dagger (vamp)
rCold   . . .        d - orb {light}
rNeg    . . .        (body armour unavailable)
rPois   .            (helmet restricted)
rElec   .            G - +1 cloak
rCorr   .            k - +0 pair of gloves
SInv    .            h - +0 pair of boots
Will    +....        y - amulet of the acrobat
Stlth   +            I - ring of willpower
HPRegen 0.30/turn    (no ring)
MPRegen 0.13/turn

%: acrobat
@: glowing
A: breathe fire, AC +6, unfitting armour, fire resistance 1, cold-blooded
a: Breathe Fire


You were on level 6 of the Dungeon.
You visited 1 branch of the dungeon, and saw 6 of its levels.
You also visited: Ossuary.

You collected 245 gold pieces.

Inventory:

Hand Weapons
 e - a +1 dagger of freezing
 n - a +2 vampiric dagger (weapon)
 r - a +1 heavy flail
Missiles
 l - 25 poisoned darts
 w - 3 boomerangs (quivered)
Armour
 d - an orb of light (worn)
 h - a +0 pair of boots (worn)
 k - a +0 pair of gloves (worn)
 G - a +1 cloak (worn)
Magical Staves
 i - a staff of air
Jewellery
 y - an amulet of the acrobat (around neck)
 I - a ring of willpower (left hand)
Scrolls
 b - 8 scrolls of identify {unknown}
 c - a scroll of brand weapon {unknown}
 f - 6 scrolls of immolation
 g - a scroll of vulnerability {unknown}
 j - a scroll of butterflies {unknown}
 m - a scroll of silence {unknown}
 p - a scroll of enchant weapon {unknown}
 q - 2 scrolls of poison {unknown}
 t - a scroll of amnesia {unknown}
 u - 2 scrolls of enchant armour {unknown}
 v - 2 scrolls of teleportation {unknown}
 z - 4 scrolls of magic mapping {unknown}
 A - a scroll of blinking {unknown}
 B - 2 scrolls of fog {unknown}
 D - a scroll of acquirement {unknown}
 F - a scroll of torment {unknown}
Potions
 a - 2 potions of magic
 o - a potion of attraction {unknown}
 s - a potion of curing {unknown}
 x - 2 potions of ambrosia {unknown}
 C - 5 potions of heal wounds
 E - a potion of invisibility {unknown}
 H - a potion of brilliance {unknown}


   Skills:
 + Level 3.3 Fighting
 + Level 2.5(4.0) Short Blades
 + Level 4.8(5.1) Long Blades
 + Level 0.6 Throwing
 + Level 3.6 Dodging
 - Level 2.0 Stealth
 + Level 3.7 Spellcasting
 * Level 7.6 Conjurations
 * Level 2.3 Hexes
 * Level 2.6 Translocations


You had 3 spell levels left.
You knew the following spells:

 Your Spells              Type           Power      Damage    Failure   Level
a - Magic Dart            Conj           100%       1d8       1%          1
b - Searing Ray           Conj           68%        2d6       1%          2
c - Fulminant Prism       Conj/Hex       11%        3d8       17%         4
d - Iskenderun's Mystic   Conj/Tloc      24%        2d7       16%         4

Your spell library contained the following spells:

 Spells                   Type           Power      Damage    Failure   Level
 Dazzling Flash           Conj/Hex       46%        N/A       4%          3
 Summon Small Mammal      Summ           12%        N/A       13%         1
 Portal Projectile        Hex/Tloc       26%        N/A       14%         3
 Cigotuvi's Dreadful Rot  Necr/Pois/Air  6%         N/A       21%         2
 Summon Guardian Golem    Hex/Summ       8%         N/A       24%         3
 Call Canine Familiar     Summ           3%         N/A       36%         3
 Ignite Poison            Fire/Tmut/Pois 3%         N/A       36%         3
 Leda's Liquefaction      Hex/Erth       4%         N/A       63%         4
 Freezing Cloud           Conj/Ice/Air   6%         6-21      78%         5


Dungeon Overview and Level Annotations

Branches:
Dungeon (6/15)            Ossuary (visited)
 Temple: D:4-7

Altars:
Ashenzari
Okawaru
Trog

Annotations:
D:5 3 runed translucent doors, Kamelo's ghost, novice GrEE; growler's ghost, novice MfTm; jagang's ghost, amateur DrEE


Innate Abilities, Weirdness & Mutations

You can breathe blasts of fire.
Your fiery red scales are hard. (AC +6)
You cannot fit into any form of body armour.
Your flesh is heat resistant. (rF+)
You are cold-blooded and may be slowed by cold attacks.


Message History

The gnoll sergeant is almost dead.
You finish channelling your searing ray.
You hear a shout!
The gnoll sergeant misses you.
An ogre comes into view. It is wielding a +0 giant club.
The two-headed ogre closely misses you. The two-headed ogre misses you.
You hear an angry hiss.
Casting: Searing Ray (safe; 1% risk of failure)
Confirm with . or Enter, or press ? or * to list all spells.
Aiming: Searing Ray (safe; 1% risk of failure)
Press: ? - help, Shift-Dir - straight line, f/p - two-headed ogre
Aim: a two-headed ogre, wielding a +0 giant club and a +0 great mace (almost dead, haloed, 93% to hit)
The searing ray hits the two-headed ogre.
The two-headed ogre is almost dead.
The searing ray hits the gnoll sergeant but does no damage.
The gnoll sergeant is almost dead. (Press . to maintain the ray.)
The gnoll sergeant hits you from afar with a +0 trident.
The searing ray hits the two-headed ogre but does no damage.
The two-headed ogre is almost dead.
The searing ray hits the gnoll sergeant.
You kill the gnoll sergeant!
The two-headed ogre barely misses you. The two-headed ogre closely misses you.
The searing ray hits the two-headed ogre.
The two-headed ogre is almost dead.
The searing ray hits the ogre!
The ogre is moderately wounded.
An iguana comes into view.
The two-headed ogre misses you. The two-headed ogre closely misses you.
Without enough magic to sustain it, your searing ray dissipates.
You hit the two-headed ogre but do no damage.
You tail-slap the two-headed ogre.
The two-headed ogre is almost dead.
The two-headed ogre hits you with a +0 giant club!!
* * * LOW HITPOINT WARNING * * *
The two-headed ogre hits you with a +0 great mace!
* * * LOW HITPOINT WARNING * * *
You feel much better.
The two-headed ogre hits you with a +0 giant club!!
You die...

........ #..#####.#
#....... #.##.....
......# #..#..#.. .h..†#
#.....##. ##...# ###
##[).##### #....#
#.####.)### # #...##
##.....).#### #
##...#####.#......##.#
#....)OO@.##.........##
#....##l#####...##.....#
##...#### ##....##...#
##### #....#######
###..# ####


You could see a two-headed ogre, an ogre and an iguana.

Vanquished Creatures
  Menkaure (D:6)
  A steam dragon (D:6)
  Edmund (D:6)
  4 ice beasts
  A sky beast (D:6)
  2 ogres (D:5)
  A phantom (D:4)
  A gnoll sergeant (D:6)
  A scorpion (D:5)
  A centaur zombie (Ossuary)
  3 hounds
  2 jellies (D:6)
  2 human zombies (Ossuary)
  2 iguanas
  4 orc wizards
  5 mummies
  3 gnolls (D:4)
  5 adders
  An ufetubus (D:4)
  A worm (D:2)
  4 dart slugs
  11 orcs
  10 endoplasms
  A giant cockroach (D:2)
  8 goblins
  11 hobgoblins
  3 jackals (D:1)
  6 quokkas
  6 ball pythons
  A bat (D:3)
  4 frilled lizards
  A goblin zombie (Ossuary)
  2 hobgoblin zombies (Ossuary)
  6 kobolds
  A kobold zombie (Ossuary)
  3 orc zombies
  6 rats
126 creatures vanquished.

Vanquished Creatures (others)
  A fulminant prism (D:6)
1 creature vanquished.

Grand Total: 127 creatures vanquished

Notes
Turn   | Place    | Note
-------+----------+-------------------------------------------
     0 | D:1      | monsoonserge the Draconian Conjurer began the quest for the
                  | Orb.
     0 | D:1      | Reached XP level 1. HP: 14/14 MP: 3/3
   253 | D:1      | Reached XP level 2. HP: 20/20 MP: 3/5
   263 | D:1      | Learned a level 2 spell: Searing Ray
   515 | D:1      | Found a faded altar of an unknown god.
   733 | D:1      | Reached XP level 3. HP: 22/26 MP: 0/6
   980 | D:2      | Reached skill level 5 in Conjurations
  1028 | D:2      | Found a broken altar of Ashenzari.
  1410 | D:2      | Reached XP level 4. HP: 33/33 MP: 1/7
  2509 | D:4      | You fall into a shaft and drop 2 floors!
  2522 | D:5      | Entered Level 5 of the Dungeon
  2522 | D:5      | Noticed an ogre
  2526 | D:5      | Killed an ogre
  2527 | D:5      | Reached skill level 1 in Short Blades
  2527 | D:5      | Reached skill level 6 in Conjurations
  2527 | D:5      | Reached XP level 5. HP: 19/38 MP: 2/8
  2568 | D:6      | Reached XP level 6. HP: 38/46 MP: 3/9
  2654 | D:5      | Found a sand-covered staircase.
  2706 | Ossuary  | Entered an ossuary
  2793 | Ossuary  | Reached skill level 1 in Long Blades
  2966 | Ossuary  | Reached skill level 1 in Fighting
  3199 | D:5      | Found a runed translucent gate.
  3199 | D:5      | Found a runed translucent gate.
  3199 | D:5      | Found a runed translucent gate.
  3199 | D:5      | Noticed Kamelo's ghost (novice GrEE)
  3199 | D:5      | Noticed jagang's ghost (amateur DrEE)
  3199 | D:5      | Noticed growler's ghost (novice MfTm)
  3231 | D:5      | Your scales start taking on a fiery red colour.
  3231 | D:5      | Reached XP level 7. HP: 52/52 MP: 5/11
  3231 | D:5      | Gained mutation: Your flesh is heat resistant. (rF+) [Red
                  | Draconian growth]
  3600 | D:4      | Found an iron altar of Okawaru.
  3621 | D:4      | Learned a level 4 spell: Fulminant Prism
  3628 | D:4      | Learned a level 4 spell: Iskenderun's Mystic Blast
  3952 | D:4      | Found a bloodstained altar of Trog.
  4208 | D:5      | Reached skill level 7 in Conjurations
  4344 | D:5      | Reached skill level 1 in Hexes
  4344 | D:5      | Reached skill level 1 in Translocations
  4403 | D:5      | Reached XP level 8. HP: 55/62 MP: 4/12
  4688 | D:6      | Noticed Menkaure
  4861 | D:6      | Killed Menkaure
  5120 | D:6      | Noticed Edmund
  5146 | D:6      | Killed Edmund
  5238 | D:6      | Noticed a two-headed ogre
  5254 | D:6      | Mangled by a two-headed ogre

Illustrated notes

Levels and vault maps discovered:
D:1:      minmay_arrival_solitary_statue, layout_loops_cross,
          basic_ecumenical_altar, nicolae_figureground_pulse
D:2:      layout_basic, basic_altar, kennysheep_generic_room_2
D:3:      layout_loops_ring
D:4:      layout_loops_ring, mainiacjoe_overflow_brackets,
          lightli_temple_of_fire
D:5:      layout_rooms, gammafunk_ghost_cemetery, nicolae_ossuary_entry_giza
D:6:      layout_cave_pools, minmay_misc_feat_pillars, minmay_joined_circles,
          uniq_edmund, uniq_menkaure

Skill      XL: |  1  2  3  4  5  6  7  8 |
---------------+-------------------------+-----
Stealth        | 2 |  2.0
Conjurations   | 5 6 7 |  7.6
Dodging        | 2 3 |  3.6
Short Blades   | 1 2 |  2.5
Long Blades    | 2 3 4 |  4.8
Fighting       | 1 2 3 |  3.3
Spellcasting   | 3 |  3.7
Hexes          | 1 2 |  2.3
Translocations | 1 2 |  2.6
Throwing       | |  0.6

Action                     |  1- 3 |  4- 6 |  7- 9 || total
---------------------------+-------+-------+-------++-------
  Melee: Unarmed           |    19 |       |       ||    19
         Tailslap          |     8 |    15 |    14 ||    37
         Dagger            |    11 |    38 |    61 ||   110
         Long sword        |     3 |    44 |       ||    47
  Throw: Dart              |       |     4 |       ||     4
         Boomerang         |       |       |     3 ||     3
   Cast: Magic Dart        |    29 |     6 |     1 ||    36
         Searing Ray       |     9 |    24 |    28 ||    61
         Fulminant Prism   |       |       |     1 ||     1
    Use: Potion            |       |     1 |     1 ||     2
 Armour: Skin              |    10 |    52 |    26 ||    88
  Dodge: Dodged            |    20 |    52 |    71 ||   143
